[Event "GrandPrix_29.05"]
[Site "Chess.com"]
[Date "2020.05.29"]
[Round "8"]
[White "Kezin_Roman"]
[Black "rasmussvane"]
[Result "1/2-1/2"]
[WhiteElo "2611"]
[BlackElo "2543"]
[TimeControl "600+2"]
[EndTime "13:09:00 PDT"]
[Termination "Game drawn by 50-move rule"]

1. d4 d5 2. c4 e6 3. Nf3 a6 4. g3 dxc4 5. Bg2 b5 6. Ne5 c6 7.
a4 Bb7 8. Nc3 Qc8 9. O-O Nf6 10.
e4 Be7 11. d5 O-O 12. Bg5 exd5 13. exd5 Rd8 14. Re1 cxd5 15. Ng4 Qxg4 16. Qxg4 Nxg4 17. Bxe7 Rd7 18. axb5 f5 19. Rad1 axb5 20. Nxd5 Nc6 21. Nb6 Rxd1 22. Rxd1 Nxe7 23. Nxa8 Bxg2 24. Kxg2 Ne5 25.
Rd8+ Kf7 26. Rb8 N7c6 27. Rxb5 Ke6 28. Nb6 g5 29. Rc5 Kd6 30. Rd5+ Ke6 31. Rd2 g4 32.
Rc2 Nd4 33. Rc3 Nb5 34. Re3 Kf6 35. Nd5+ Ke6 36. Nc3 Nd4 37. Ne2 Nf3 38. Nf4+ Kd6 39. Ra3 Ne1+ 40. Kf1 N1f3 41. h4 Kc5 42. Ra7 Nd3 43.
Rb7 Nxf4 44. gxf4 Nxh4 45. Rxh7 Nf3 46. Rf7 Nd4 47. Ke1 Kd5 48. Re7 Ne6 49. Rf7 Ke4 50.
Kd2 Nxf4 51. Rc7 Kd4 52. Rd7+ Nd5 53. Rf7 Ke4 54. Rf8 f4 55. Ke2 c3 56. bxc3 Nxc3+ 57. Kf1 Kf3 58. Ra8 Nd5 59. Ra3+ Ke4 60. Ke2 f3+ 61. Kf1 Nf4 62. Kg1 Nh3+ 63. Kf1 Kf5 64.
Ra5+ Kf4 65. Ra4+ Kf5 66. Rb4 Nf4 67. Kg1 Nh3+ 68. Kf1 Kg5 69. Rb8 Nf4 70. Rg8+ Kf5 71. Rf8+ Ke5 72. Rh8 Nd3 73. Kg1 Kf4 74. Rd8 Nc1 75.
Kh2 Ne2 76. Rf8+ Ke4 77. Rf7 Ke5 78. Rf8 Ke6 79. Rg8 Kf5 80. Ra8 Ke4 81. Ra4+ Kf5 82.
Rb4 Kg5 83. Rc4 Kh4 84. Rc5 Nd4 85. Kg1 Ne6 86. Re5 Nf4 87. Re8 Kg5 88. Kf1 Nh3 89. Ke1 Kf5 90. Ra8 Kg5 91. Re8 Kf5 92. Rd8 Ke5 93. Rd2 Ke4 94. Ra2 Kf5 95. Kf1 Kg5 96. Rd2 Kf6 97. Ke1 Nf4 98. Kd1 Ke5 99. Rd8 Ke4 100.
Kd2 Ng2 101. Re8+ Kf4 102. Rf8+ Ke5 103. Rg8 Kf4 104. Kd3 Ne1+ 105. Kc3 Ng2 106. Kd4 Kf5 107. Rf8+ Kg5 108.
Ke4 Nh4 109. Rg8+ Kh5 110. Kf4 Ng6+ 1/2-1/2